 Dungeon Sprint DCSS version 0.19-a0-867-g949743d (webtiles) character file.

22 HAL9000 the Carver (level 6, -2/63 HPs)
             Began as a Minotaur Skald on July 3, 2016.
             Was an Initiate of the Shining One.
             Slain by a naga warrior
             ... wielding a +0 long sword
              (4 damage)
             ... in the Dungeon (Sprint VI: "Thunderdome").
             The game lasted 00:05:00 (379 turns).

HAL9000 the Carver (Minotaur Skald)                  Turns: 379, Time: 00:05:01

Health: -2/63      AC:  4    Str: 18    XL:     6   Next: 83%
Magic:  1/7        EV: 14    Int: 11    God:    the Shining One [......]
Gold:   105        SH:  2    Dex: 17    Spells: 2 memorised, 4 levels left

rFire  . . .     SeeInvis .     a - +0 falchion
rCold  . . .     Gourm    .     b - +0 leather armour
rNeg   . . .     Faith    .     (no shield)
rPois  +         Spirit   .     (helmet restricted)
rElec  .         Dismiss  .     (no cloak)
rCorr  .         Reflect  +     (no gloves)
SustAt .         Harm     .     (no boots)
MR     .....     NoTele   +     o - amulet "Lokli" {Reflect Dex+7 SH+2}
Stlth  +.........               q - ring of Qiwacumu {rPois Int+2}
                                (no ring)

@: infused, glowing, constricted, not resistant to hostile enchantments, very
unstealthy
A: retaliatory headbutt, horns 2
a: Renounce Religion


You were in the Dungeon.
You worshipped the Shining One.
The Shining One was noncommittal.
You were not hungry.

You visited 1 branch You collected 240 gold pieces.
You spent 135 gold pieces at shops.

Inventory:

Hand Weapons
 a - a +0 falchion (weapon)
Armour
 b - a +0 leather armour (worn)
Jewellery
 o - the amulet "Lokli" (around neck) {Reflect Dex+7 SH+2}
   (You bought it in a shop in the Dungeon)

   [amulet of reflection]

   It shields you and reflects attacks.
   It affects your dexterity (+7).
   It affects your SH (+2).
 q - the ring of Qiwacumu (right hand) {rPois Int+2}
   (You bought it in a shop in the Dungeon)

   [ring of poison resistance]

   It affects your intelligence (+2).
   It protects you from poison.
Wands
 l - a wand of acid (0/15)
 m - a wand of iceblast (2/15)
Scrolls
 j - 4 scrolls of blinking
 n - 3 scrolls of fog
Potions
 e - a potion of curing
 f - 3 potions of heal wounds
 g - 4 potions of haste
 h - 2 potions of magic
 i - a potion of berserk rage
 k - a potion of resistance
Books
 c - a book of Battle

   Spells                             Type                      Level
   a - Infusion                       Charms                       1
   b - Shroud of Golubria             Charms/Translocation         2
   c - Song of Slaying                Charms                       2
   d - Spectral Weapon                Hexes/Charms                 3
   e - Regeneration                   Charms/Necromancy            3
Comestibles
 d - a bread ration


   Skills:
 + Level 9.1 Fighting
 + Level 9.2 Long Blades
 + Level 8.5 Armour
 + Level 7.7 Dodging
 - Level 1.9 Spellcasting
 - Level 2.3 Charms


You had 4 spell levels left.
You knew the following spells:

 Your Spells              Type           Power        Failure   Level  Hunger
a - Infusion              Chrm           #...         14%         1    ##.....
R - Regeneration          Chrm/Necr      #.........   69%         3    ####...


Dungeon Overview and Level Annotations

Branches:
Dungeon (1/1)

Altars:
Cheibriados
Dithmenos
Fedhas
Gozag
Kikubaaqudgha
Makhleb
Okawaru
Pakellas
Qazlal
Ru
Sif Muna
Trog
Uskayaw
Vehumet
Xom
Yredelemnul
Zin
The Shining One
Jiyva
Lugonu

Shops:
D *[%??*?*:[((!!!!


Innate Abilities, Weirdness & Mutations

You reflexively headbutt those who attack you in melee.
You have a pair of horns on your head.


Message History

The naga warrior is almost dead.
The naga warrior misses you.
You riposte.
The naga warrior blocks your attack.
The naga warrior is almost dead.
The naga warrior grabs you.
* * * LOW HITPOINT WARNING * * *
The naga warrior constricts you.
You hit the naga warrior but do no damage.
The naga warrior is almost dead.
You hit the naga warrior.
The naga warrior is almost dead.
The naga warrior hits you with a long sword!
The Shining One protects you from harm!
* * * LOW HITPOINT WARNING * * *
The naga warrior constricts you.
Unknown command.
The naga warrior blocks your attack.
The naga warrior is almost dead.
The naga warrior hits you with a long sword.
* * * LOW HITPOINT WARNING * * *
You die...

##.............###.............#
#⌠..........###...###..........⌠
#⌠N.........# #.<.# #..........⌠
#§..........###...###..........⌠
##.......).....###.............#
###∩........8.# #.8........∩###
##∩___......###......___∩##
######.8..N......8.######
#⌠....@......⌠# ###.........###
#_......._# #_........#
#........_# #∩.......∩#
##∩.....∩## ##=....## ##⌠⌠⌠##


You could see a naga warrior.

Vanquished Creatures
  A naga (D)
  2 water moccasins (D)
  2 killer bees (D)
  2 worker ants (D)
  2 adders (D)
  2 ball pythons (D)
11 creatures vanquished.

Notes
Turn   | Place    | Note
-------+----------+-------------------------------------------
     0 | D        | HAL9000 the Minotaur Skald began the quest for the Orb.
     0 | D        | Reached XP level 1. HP: 18/18 MP: 1/1
     0 | D        | Found a shimmering altar of Xom.
     0 | D        | Found a basalt altar of Yredelemnul.
     4 | D        | Found a radiant altar of Vehumet.
     4 | D        | Found a burning altar of Makhleb.
     5 | D        | Found a deep blue altar of Sif Muna.
     5 | D        | Round 1.
     6 | D        | Found a snail-covered altar of Cheibriados.
     6 | D        | Found a glowing golden altar of the Shining One.
     7 | D        | Found Jiemn's Staff Store.
     7 | D        | Found Ciaqarodd's Magic Scroll Shop.
     8 | D        | Found Oluhas's Must-Have Magic.
     8 | D        | Found Zapailys's Magic Scroll Shop.
    34 | D        | Found a stormy altar of Qazlal.
    34 | D        | Found an iron altar of Okawaru.
    37 | D        | Found Peasch's Bee Food.
    37 | D        | Found an ancient bone altar of Kikubaaqudgha.
    37 | D        | Found a bloodstained altar of Trog.
    37 | D        | Found a corrupted altar of Lugonu.
    37 | D        | Found Wicsylli's Identification Station.
    38 | D        | Found Voczysisk's Jewellery.
    38 | D        | Found Medyumuj's Advanced Armour.
    69 | D        | Bought a slimy silver amulet for 45 gold pieces
    69 | D        | Bought a shimmering silver ring for 45 gold pieces
    69 | D        | Bought a slimy turquoise ring for 45 gold pieces
    72 | D        | Found a glowing silver altar of Zin.
    73 | D        | Found a hide-covered altar of Uskayaw.
    75 | D        | Found Kighek's Premium Goods.
    76 | D        | Found Ammok's Miscellaneous Merchandise.
    76 | D        | Found Nilit's Basic Armour.
    77 | D        | Found a blossoming altar of Fedhas.
    77 | D        | Found an oddly glowing altar of Pakellas.
    77 | D        | Found Tyketz's Weapon Rack.
    79 | D        | Reached XP level 2. HP: 24/26 MP: 3/3
    93 | D        | Found a shadowy altar of Dithmenos.
    95 | D        | Noticed a water moccasin
    96 | D        | Found a sacrificial altar of Ru.
    97 | D        | Found a viscous altar of Jiyva.
    97 | D        | Found Siag Kic's Do-It-Yourself Clinic.
    97 | D        | Noticed a water moccasin
   108 | D        | Killed a water moccasin
   108 | D        | Reached skill level 5 in Armour
   108 | D        | Reached skill level 5 in Dodging
   108 | D        | Reached XP level 3. HP: 24/37 MP: 4/4
   108 | D        | Reached XP level 4. HP: 29/44 MP: 5/5
   110 | D        | Killed a water moccasin
   110 | D        | Arena points: 12 (+12) [x2]
   110 | D        | Reached XP level 5. HP: 24/52 MP: 6/6
   153 | D        | Round 2.
   180 | D        | Learned a level 3 spell: Regeneration
   180 | D        | Identified the amulet "Lokli" {Reflect Dex+7 SH+2} (You bought it in a shop in the Dungeon)
   181 | D        | Identified the ring "Ineyhuco" {+Fly rPois Str-5 Int+7} (You bought it in a shop in the Dungeon)
   182 | D        | Identified the ring of Qiwacumu {rPois Int+2} (You bought it in a shop in the Dungeon)
   205 | D        | Reached XP level 6. HP: 32/61 MP: 7/7
   283 | D        | Found Ipyigix's Bottled Wisdom.
   284 | D        | Found Zoluul's Distillery.
   286 | D        | Found an opulent altar of Gozag.
   286 | D        | Found Kileun's Distillery.
   312 | D        | Arena points: 22 (+10) [x1]
   321 | D        | Became a worshipper of the Shining One
   327 | D        | Round 3.
   351 | D        | Noticed a naga
   352 | D        | Noticed a naga warrior
   363 | D        | Killed a naga
   378 | D        | The Shining One protects you from harm!
   379 | D        | HP: 2/63 [naga warrior/long sword (6)]
   379 | D        | Slain by a naga warrior

Vault maps used:
D:        arena_sprint

Skill      XL: |  1  2  3  4  5  6 |
---------------+-------------------+-----
Fighting       | 3 6 7 8 9 |  9.1
Long Blades    | 3 6 7 8 9 |  9.2
Armour         | 2 5 7 8 |  8.5
Dodging        | 2 5 6 7 |  7.7
Spellcasting   | |  1.9
Charms         | |  2.3

Action                   |  1- 3 |  4- 6 || total
-------------------------+-------+-------++-------
Melee: Falchion          |    10 |    30 ||    40
       Headbutt          |     2 |     4 ||     6
 Cast: Infusion          |       |     2 ||     2
Evoke: Wand              |     1 |     7 ||     8
  Use: Potion            |     1 |       ||     1
Armor: Leather armour    |       |     1 ||     1
Dodge: Dodged            |    13 |    18 ||    31
